 Dungeon Sprint DCSS version 0.29-a0-371-g91724d5b39 (webtiles) character file.

Game seed: 13169820292306770809

1319 BigDaddyOpFi the Protected (level 8, -11/82 HPs)
             Began as a Minotaur Fighter on May 2, 2022.
             Was a Believer of Okawaru.
             Mangled by a boulder beetle (22 damage)
             ... in the Dungeon (Sprint VII: "The Pits").
             The game lasted 00:01:59 (951 turns).

BigDaddyOpFi the Protected (Minotaur Fighter)        Turns: 951, Time: 00:02:00

Health: -11/82     AC: 15    Str: 22    XL:     8   Next: 33%
Magic:  9/9        EV:  9    Int:  5    God:    Okawaru [**....]
Gold:   0          SH:  6    Dex: 11    Spells: 7/7 levels left

rFire   . . .      SeeInvis .   a - +0 war axe
rCold   . . .      Faith    .   c - +0 buckler
rNeg    . . .      Spirit   .   l - +3 chain mail
rPois   .          Reflect  .   (helmet restricted)
rElec   .          Harm     .   (no cloak)
rCorr   .          Rampage  .   (no gloves)
Will    .....      NoTele   +   (no boots)
Stlth   ..........              (no amulet)
HPRegen 0.23/turn               (no ring)
MPRegen 0.11/turn               (no ring)

@: mighty
A: horns 2, retaliatory headbutt
a: Renounce Religion, Heroism


You were in the Dungeon.
You worshipped Okawaru.
Okawaru was pleased with you.
You visited 1 branch

Inventory:

Hand Weapons
 a - a +0 war axe (weapon)
Armour
 c - a +0 buckler (worn)
 l - a +3 chain mail (worn)
Scrolls
 j - a scroll of blinking
Potions
 e - 5 potions of curing
 g - a potion of haste
 h - 4 potions of magic
 i - 3 potions of berserk rage
 k - 2 potions of invisibility


   Skills:
 + Level 11.2 Fighting
 + Level 10.9 Axes
 + Level 11.7 Armour
 + Level 4.6 Dodging
 + Level 10.5 Shields
 * Level 3.7 Invocations


You had 7 spell levels left.
You didn't know any spells.
Your spell library was empty.

Dungeon Overview and Level Annotations

Branches:
Dungeon (1/1)

Altars:
Ashenzari
Cheibriados
Dithmenos
Elyvilon
Fedhas
Gozag
Hepliaklqana
Kikubaaqudgha
Makhleb
Nemelex Xobeh
Okawaru
Qazlal
Ru
Sif Muna
Trog
Uskayaw
Vehumet
Wu Jian
Xom
Yredelemnul
Zin
The Shining One
Beogh
Jiyva
Lugonu


Innate Abilities, Weirdness & Mutations

You have a pair of horns on your head.
You reflexively headbutt those who attack you in melee.


Message History

The warg is almost dead.
The warg bites you!
* * * LOW HITPOINT WARNING * * *
Unknown command.
You barely miss the warg.
The warg is almost dead.
You hit the boulder beetle. The warg bites you.
* * * LOW HITPOINT WARNING * * *
The boulder beetle bites you.
* * * LOW HITPOINT WARNING * * *
You feel much better. The warg bites you but does no damage.
The boulder beetle leaps!
You slash the warg!
You kill the warg!
Okawaru accepts your kill.
The boulder beetle leaps!
The boulder beetle curls into a ball and begins rolling!
You see here a warg corpse.
There is an open door, spattered with blood here.
The boulder beetle hits you!!
* * * LOW HITPOINT WARNING * * *
The boulder beetle stops rolling and uncurls.
You see here a warg corpse.
You feel much better. The boulder beetle bites you!
You barely miss the boulder beetle.
You headbutt the boulder beetle, but do no damage.
The boulder beetle is heavily wounded.
You hit the boulder beetle but do no damage.
The boulder beetle is heavily wounded.
The boulder beetle bites you!
* * * LOW HITPOINT WARNING * * *
The boulder beetle bites you but does no damage.
You hit the boulder beetle.
The boulder beetle is heavily wounded.
The boulder beetle bites you!
* * * LOW HITPOINT WARNING * * *
You feel better. You block the boulder beetle's attack.
You feel very mighty all of a sudden. The boulder beetle bites you!!
You die...

#.#.....#'###...<...#
#.#........##.......#
#.#........##.......#
#)###########.......#
#.).....#..##########
#..###..#)######
#.......#)#....#
##.###.##'#....#
#.......#.B@...+
#..###..#รท#....#
#.......'.#....#
################


You could see a boulder beetle.

Vanquished Creatures
  A komodo dragon (D)
  A hellwing (D)
  Menkaure (D)
  A warg (D)
  A floating eye (D)
  A black bear (D)
  A kobold brigand (D)
  A scorpion (D)
  4 wights (D)
  A quasit (D)
  An orc wizard (D)
  An adder (D)
  2 gnolls (D)
  A white imp (D)
  2 ufetubi (D)
  3 orcs (D)
  2 jackals (D)
  A bat (D)
  A frilled lizard (D)
27 creatures vanquished.

Notes
Turn   | Place    | Note
-------+----------+-------------------------------------------
     0 | D        | BigDaddyOpFi the Minotaur Fighter began the quest for the
                  | Orb.
     0 | D        | Reached XP level 1. HP: 19/19 MP: 0/0
     8 | D        | Noticed a floating eye
    11 | D        | Paralysed by a floating eye for 3 turns
    14 | D        | Killed a floating eye
    15 | D        | Reached XP level 2. HP: 34/34 MP: 1/1
    15 | D        | Reached XP level 3. HP: 39/39 MP: 2/2
    15 | D        | Reached XP level 4. HP: 47/47 MP: 3/3
    19 | D        | Found a bloodstained altar of Trog.
    19 | D        | Found a shimmering blue altar of Sif Muna.
    19 | D        | Found a viscous altar of Jiyva.
    19 | D        | Found a hazy altar of Hepliaklqana.
    19 | D        | Found an opulent altar of Gozag.
    20 | D        | Found a glowing golden altar of the Shining One.
    20 | D        | Found a glowing silver altar of Zin.
    20 | D        | Found a basalt altar of Yredelemnul.
    20 | D        | Found a shimmering altar of Xom.
    20 | D        | Found an ornate altar of the Wu Jian Council.
    20 | D        | Found a sacrificial altar of Ru.
    20 | D        | Found a stormy altar of Qazlal.
    20 | D        | Found an iron altar of Okawaru.
    20 | D        | Found a sparkling altar of Nemelex Xobeh.
    20 | D        | Found a burning altar of Makhleb.
    20 | D        | Found a blossoming altar of Fedhas.
    20 | D        | Found a white marble altar of Elyvilon.
    20 | D        | Found a shadowy altar of Dithmenos.
    20 | D        | Found a snail-covered altar of Cheibriados.
    22 | D        | Found a radiant altar of Vehumet.
    22 | D        | Found a corrupted altar of Lugonu.
    23 | D        | Found a hide-covered altar of Uskayaw.
    23 | D        | Found an ancient bone altar of Kikubaaqudgha.
    23 | D        | Found a broken altar of Ashenzari.
    38 | D        | Became a worshipper of Warmaster Okawaru
    93 | D        | Reached XP level 5. HP: 44/53 MP: 4/4
    96 | D        | Reached skill level 5 in Axes
   304 | D        | Noticed a black bear
   313 | D        | Reached skill level 1 in Dodging
   313 | D        | Reached XP level 6. HP: 63/63 MP: 5/5
   331 | D        | Reached * piety under Okawaru
   336 | D        | Reached skill level 10 in Fighting
   336 | D        | Reached skill level 10 in Armour
   342 | D        | Reached XP level 7. HP: 67/72 MP: 6/6
   342 | D        | Noticed Menkaure
   350 | D        | Killed Menkaure
   351 | D        | Reached skill level 10 in Shields
   553 | D        | Noticed a komodo dragon
   563 | D        | Killed a komodo dragon
   655 | D        | Reached skill level 10 in Axes
   906 | D        | Noticed a hellwing
   906 | D        | Noticed a boulder beetle
   926 | D        | Killed a hellwing
   926 | D        | Reached ** piety under Okawaru
   927 | D        | Reached XP level 8. HP: 43/82 MP: 6/9
   951 | D        | Mangled by a boulder beetle

Illustrated notes

Levels and vault maps discovered:
D:        pitsprint [storerooms_1, entrance_room_1, metal_vault_7, armoury_2,
          mini_pit_1, grid_room_1, main_hall_1, silver_pit, the_coven_1,
          the_vestibule_1, steel_vault_5, golden_pit, hallway_of_sentries,
          crystal_vault_1, iron_vault_2, final_vault]

Skill      XL: |  1  2  3  4  5  6  7 |
---------------+----------------------+-----
Fighting       | 7 9 10 11 | 11.2
Axes           | 4 6 8 10 | 10.9
Armour         | 7 9 10 11 | 11.7
Shields        | 6 7 8 9 10 | 10.5
Dodging        | 1 2 4 |  4.6
Invocations    | 3 |  3.7

Action                   |  1- 3 |  4- 6 |  7- 9 || total
-------------------------+-------+-------+-------++-------
Melee: War axe           |     3 |    50 |    59 ||   112
       Headbutt          |       |     5 |    16 ||    21
Invok: Heroism           |       |       |     1 ||     1
  Use: Potion            |       |     2 |     6 ||     8
Armor: Scale mail        |       |     9 |       ||     9
       Chain mail        |       |    29 |    17 ||    46
Dodge: Dodged            |       |    21 |    16 ||    37
Block: Buckler           |       |    22 |     9 ||    31

Table legend: (Time is in decaauts)
 A = Elapsed time spent in this place.
 B = Non-inter-level travel time spent in this place.
 C = Inter-level travel time spent in this place.
 D = Time resting spent in this place.
 E = Time spent auto-exploring this place.
 F = Levels seen in this place.
 G = Mean time per level.
                   A        B        C        D        E       F      G
               +--------+--------+--------+--------+--------+-----+--------+
         Total |    960 |    939 |     21 |    650 |      0 |   1 |  960.0 |
       Dungeon |    960 |    939 |     21 |    650 |      0 |   1 |  960.0 |
               +--------+--------+--------+--------+--------+-----+--------+

Top non-repeatable levels by time:
       D: 960 daAuts
